 Dungeon Crawl Stone Soup version 0.30.1-9-gdf580d7c3d (webtiles) character file.

Game seed: 141026591574390311

3756 bearlyready the Magician (level 10, -13/77 HPs)
             Began as a Gnoll Venom Mage on Sept 24, 2023.
             Was a Believer of Ashenzari.
             Killed from afar by an acid dragon (33 damage)
             ... with a splash of acid
             ... on level 9 of the Dungeon.
             The game lasted 00:17:55 (8212 turns).

bearlyready the Magician (Gnoll Venom Mage)         Turns: 8212, Time: 00:17:56

Health: -13/77     AC: 12    Str:  8    XL:     10   Next: 15%
Magic:  8/23       EV: 13    Int: 19    God:    Ashenzari [**....]
Gold:   240        SH:  5    Dex: 12    Spells: 19/27 levels left

rFire   . . .        O - +2 sling (freeze)
rCold   + . .        P - +0 buckler
rNeg    . . .        z - +3 leather armour {rC+}
rPois   .            (no helmet)
rElec   .            r - +0 cloak of Supernal Gnosis {Melee, Elem} (curse)
rCorr   .            k - +0 pair of gloves "Chained Bad Feelings" {Fort, Self} (curse)
SInv    +            J - +2 pair of boots of the Esoteric Doubts {Self, Alch} (curse)
Will    .....        (no amulet)
Stlth   +++          g - ring of wizardry
HPRegen 0.32/turn    (no ring)
MPRegen 0.18/turn

%: wizardry (x1)
@: about to teleport, slowed, very slow
A: fangs 1, strong nose, distributed training
a: Renounce Religion, Shatter the Chains


You were on level 9 of the Dungeon.
You worshipped Ashenzari.
Ashenzari was pleased with you.
You visited 2 branches of the dungeon, and saw 10 of its levels.

You collected 450 gold pieces.
You spent 210 gold pieces at shops.

Inventory:

Hand Weapons
 i - a +0 dagger
 n - a +0 flail of draining
 o - a +1 dagger of draining
 K - a +5 short sword
 N - a +2 shortbow of flaming
 O - a +2 sling of freezing (weapon)
Missiles
 c - 86 stones
 w - 5 boomerangs
 I - 3 javelins
 S - a throwing net
Armour
 a - a +0 robe
 k - the cursed +0 pair of gloves "Chained Bad Feelings" (worn) {Fort, Self}
   (You found it on level 1 of the Dungeon)

   It has a curse which improves the following skills: Fortitude: Armour and
   Shields.
   Introspection: Fighting and Spellcasting.
 m - a +0 kite shield
 r - the cursed +0 cloak of Supernal Gnosis (worn) {Melee, Elem}
   (You found it on level 2 of the Dungeon)

   It has a curse which improves the following skills: Melee Combat: Short
   Blades, Long Blades, Axes, Maces & Flails, Polearms, Staves and Unarmed
   Combat.
   Elements:  Fire Magic, Ice Magic, Air Magic and Earth Magic.
 u - a scarf of repulsion
 z - a +3 leather armour of cold resistance (worn)
 J - the cursed +2 pair of boots of the Esoteric Doubts (worn) {Self, Alch}
   (You found it on level 6 of the Dungeon)

   It has a curse which improves the following skills: Introspection: Fighting
   and Spellcasting.
   Alchemy:   Poison Magic and Transmutations.
 P - a +0 buckler (worn)
 U - +0 steam dragon scales
Magical Staves
 l - a staff of earth
Jewellery
 g - a ring of wizardry (left hand)
 G - a ring of ice
 Q - a ring of resist corrosion
 T - a +4 ring of protection
Wands
 q - a wand of flame (8)
 y - a wand of roots (2)
Scrolls
 f - 2 scrolls of teleportation
 h - 3 scrolls of poison
 p - 2 scrolls of noise
 v - a scroll of enchant armour
 x - 4 scrolls of torment
 C - 5 scrolls of amnesia
 D - a scroll of acquirement
 E - 3 scrolls of immolation
 F - 2 scrolls of vulnerability
 H - 2 scrolls of blinking
 M - a scroll of magic mapping
 R - a scroll of identify
Potions
 b - 2 potions of magic
 d - a potion of haste
 e - 2 potions of curing
 j - 3 potions of cancellation
 s - 2 potions of brilliance
 t - a potion of mutation
 A - 3 potions of might
 B - 3 potions of flight
 L - a potion of attraction


   Skills:
 + Level 5.2(6.9) Fighting
 + Level 5.2(6.3) Short Blades
 + Level 5.2(6.3) Long Blades
 + Level 5.2(6.3) Axes
 + Level 5.2(6.3) Maces & Flails
 + Level 5.2(6.3) Polearms
 + Level 5.2(6.3) Staves
 + Level 5.2 Ranged Weapons
 + Level 5.2 Throwing
 + Level 5.2(6.3) Armour
 + Level 7.0 Dodging
 + Level 6.7 Stealth
 + Level 5.2(6.3) Shields
 + Level 5.2(6.3) Unarmed Combat
 + Level 7.3(9.1) Spellcasting
 + Level 4.3 Conjurations
 + Level 4.3 Hexes
 + Level 4.3 Summonings
 + Level 4.3 Necromancy
 + Level 4.3 Translocations
 + Level 4.8(6.0) Transmutations
 + Level 4.3(5.3) Fire Magic
 + Level 4.3(5.3) Ice Magic
 + Level 4.3(5.3) Air Magic
 + Level 4.3(5.3) Earth Magic
 + Level 7.0(8.2) Poison Magic
 + Level 5.7 Invocations
 + Level 5.2 Evocations


You had 19 spell levels left.
You knew the following spells:

 Your Spells              Type           Power      Damage    Failure   Level
a - Sting                 Tmut/Pois      100%       1d8       1%          1
b - Mephitic Cloud        Conj/Pois/Air  31%        N/A       1%          3
c - Olgreb's Toxic Radia  Pois           39%        N/A       2%          4

Your spell library contained the following spells:

 Spells                   Type           Power      Damage    Failure   Level
 Poisonous Vapours        Pois/Air       68%        N/A       1%          2
 Summon Guardian Golem    Hex/Summ       25%        N/A       3%          3
 Freezing Cloud           Conj/Ice/Air   13%        6-21      22%         5
 Orb of Destruction       Conj           12%        9d7       100%        7
 Spellforged Servitor     Conj/Summ      12%        N/A       100%        7


Dungeon Overview and Level Annotations

Branches:
Dungeon (9/15)             Temple (1/1) D:5
   Lair: D:8-11         Orc: D:9-12

Altars:
Ashenzari
Cheibriados
Dithmenos
Elyvilon
Fedhas
Gozag
Hepliaklqana
Kikubaaqudgha
Makhleb
Nemelex Xobeh
Okawaru
Ru
Sif Muna
Trog
Uskayaw
Wu Jian
Xom
Yredelemnul
Zin
The Shining One

Shops:
D:3 (   D:7 [(:


Innate Abilities, Weirdness & Mutations

You have very sharp teeth.
Your uncanny sense of smell can sniff out nearby items.
Your experience applies equally to all skills.


Message History

You block the curare-tipped dart.
The steam dragon looks as sick as possible!
The kobold brigand looks as sick as possible!
Your toxic aura wanes.
The kobold brigand throws a curare-tipped dart.
The curare-tipped dart hits you.
You are poisoned.
You have difficulty breathing.
You feel yourself slow down.
You feel very sick.
You feel sick. The steam dragon breathes steam at you.
The ball of steam hits you!
You hear an angry growl.
Found a potion of might.
You are engulfed in a cloud of scalding steam.
You feel sick.
You feel sick. The steam dragon breathes steam at you.
The ball of steam hits you!!
* * * LOW HITPOINT WARNING * * *
A howler monkey comes into view.
You feel sick.
The howler monkey hoots and howls with incredible vigour!
You hear an angry hiss.
You hear a bellow!
You hear a trumpeting!
You hear a bellow! x2
Okay, then.
Okay, then.
As you read the scroll of teleportation, it crumbles to dust.
You feel strangely unstable.
You feel sick.
You are no longer poisoned.
You feel a bit more experienced.
The howler monkey is engulfed in a cloud of scalding steam.
The howler monkey barely misses you.
The howler monkey is engulfed in a cloud of scalding steam.
The howler monkey attacks as you move away!
The howler monkey hits you but does no damage.
Found 14 gold pieces.
You feel a bit more experienced. The acid dragon spits acid at you.
The splash of acid hits you!!
You die...

* ##...#.# #..#* *
,,*,#....#.# #..+ ,
,#....#.#####..####..
*
#......§§§§§...D)....*
#.....D§D{.§D........*
*
#...#..###........)..
, #.
,#....#........... ,,
, #.!.h#...........
*#...@#........... *
,,#.....#........... ,
,* #.....###........,
*, #...... * , , *
+....... , ∆ , ,
+....... * #.......+
#....$..# * , *


You could see an acid dragon (catching breath) and a howler monkey.

Vanquished Creatures
  A wyvern (D:7)
  3 yaks (D:9)
  2 steam dragons (D:9)
  Menkaure (D:6)
  A swamp worm (D:8)
  A water moccasin (D:8)
  3 ice beasts
  2 black bears
  An ogre (D:5)
  2 centaurs
  A phantom (D:6)
  A kobold brigand (D:9)
  2 bullfrogs (D:7)
  A scorpion (D:6)
  5 wights (D:6)
  4 killer bees (D:7)
  8 howler monkeys
  4 hounds
  A jelly (D:7)
  3 orc priests
  Ijyb (D:4)
  Terence (D:2)
  8 orc wizards
  7 iguanas
  7 adders
  2 white imps
  An ufetubus (D:5)
  4 worms
  3 dart slugs (D:1)
  24 orcs
  4 ball pythons
  3 endoplasms
  6 giant cockroaches
  7 hobgoblins
  2 jackals (D:1)
  9 kobolds
  4 quokkas
  6 bats
  3 frilled lizards
  5 goblins
  8 rats
162 creatures vanquished.

Notes
Turn   | Place    | Note
-------+----------+-------------------------------------------
     0 | D:1      | bearlyready the Gnoll Venom Mage began the quest for the
                  | Orb.
     0 | D:1      | Reached XP level 1. HP: 13/13 MP: 6/6
   199 | D:1      | Found a faded altar of an unknown god.
   274 | D:1      | Reached XP level 2. HP: 19/19 MP: 5/7
   792 | D:1      | Reached skill level 5 in Spellcasting
   792 | D:1      | Reached XP level 3. HP: 22/25 MP: 5/9
  1024 | D:1      | Reached skill level 1 in Invocations
  1223 | D:2      | Noticed Terence
  1233 | D:2      | Reached skill level 1 in Fighting
  1233 | D:2      | Reached skill level 1 in Short Blades
  1233 | D:2      | Reached skill level 1 in Long Blades
  1233 | D:2      | Reached skill level 1 in Axes
  1233 | D:2      | Reached skill level 1 in Maces & Flails
  1233 | D:2      | Reached skill level 1 in Polearms
  1233 | D:2      | Reached skill level 1 in Staves
  1233 | D:2      | Reached skill level 1 in Ranged Weapons
  1233 | D:2      | Reached skill level 1 in Throwing
  1233 | D:2      | Reached skill level 1 in Armour
  1233 | D:2      | Reached skill level 1 in Shields
  1233 | D:2      | Reached skill level 1 in Unarmed Combat
  1233 | D:2      | Reached skill level 1 in Evocations
  1287 | D:2      | Reached XP level 4. HP: 8/28 MP: 1/11
  1291 | D:2      | Reached skill level 1 in Conjurations
  1291 | D:2      | Reached skill level 1 in Hexes
  1291 | D:2      | Reached skill level 1 in Summonings
  1291 | D:2      | Reached skill level 1 in Necromancy
  1291 | D:2      | Reached skill level 1 in Translocations
  1291 | D:2      | Reached skill level 1 in Fire Magic
  1291 | D:2      | Reached skill level 1 in Ice Magic
  1291 | D:2      | Reached skill level 1 in Air Magic
  1291 | D:2      | Reached skill level 1 in Earth Magic
  1548 | D:2      | Reached XP level 5. HP: 28/37 MP: 9/12
  1604 | D:2      | Killed Terence
  2167 | D:3      | Learned a level 3 spell: Mephitic Cloud
  2268 | D:3      | Reached XP level 6. HP: 44/44 MP: 13/13
  2271 | D:3      | Found Memaos's Weapon Emporium.
  3009 | D:4      | Reached skill level 5 in Dodging
  3015 | D:4      | Learned a level 4 spell: Olgreb's Toxic Radiance
  3095 | D:4      | Noticed Ijyb
  3104 | D:4      | Killed Ijyb
  3413 | D:4      | Reached XP level 7. HP: 50/50 MP: 13/15
  4113 | D:5      | Entered Level 5 of the Dungeon
  4289 | D:5      | Reached skill level 5 in Stealth
  4370 | D:5      | Found a white marble altar of Elyvilon.
  4554 | D:5      | Identified the +1 robe of the Shore {Regen+ Dex+5}
  4581 | D:5      | Found a staircase to the Ecumenical Temple.
  4654 | D:5      | Found a burning altar of Makhleb.
  4725 | Temple   | Entered the Ecumenical Temple
  4765 | Temple   | Became a worshipper of Ashenzari the Shackled
  5360 | D:6      | Reached XP level 8. HP: 38/58 MP: 16/16
  5527 | D:6      | Noticed Menkaure
  5529 | D:6      | Killed Menkaure
  5622 | D:6      | Found an iron altar of Okawaru.
  5623 | D:6      | Found an ancient bone altar of Kikubaaqudgha.
  5638 | D:6      | Found a hide-covered altar of Uskayaw.
  6422 | D:7      | Found Tidaocas's Weapon Emporium.
  6434 | D:7      | Reached XP level 9. HP: 61/65 MP: 19/19
  6485 | D:7      | Found Ydeoranu's Armour Shop.
  6488 | D:7      | Bought a +2 sling of freezing for 161 gold pieces
  6498 | D:7      | Bought a +0 buckler for 49 gold pieces
  6588 | D:7      | Found a sparkling altar of Nemelex Xobeh.
  6643 | D:7      | Reached * piety under Ashenzari
  6643 | D:7      | Identified a scroll of acquirement
  6683 | D:7      | Found Wusaim's Book Shop.
  7546 | D:8      | Reached skill level 5 in Invocations
  7644 | D:8      | Reached ** piety under Ashenzari
  8182 | D:9      | Reached skill level 5 in Fighting
  8182 | D:9      | Reached skill level 5 in Short Blades
  8182 | D:9      | Reached skill level 5 in Long Blades
  8182 | D:9      | Reached skill level 5 in Axes
  8182 | D:9      | Reached skill level 5 in Maces & Flails
  8182 | D:9      | Reached skill level 5 in Polearms
  8182 | D:9      | Reached skill level 5 in Staves
  8182 | D:9      | Reached skill level 5 in Ranged Weapons
  8182 | D:9      | Reached skill level 5 in Throwing
  8182 | D:9      | Reached skill level 5 in Armour
  8182 | D:9      | Reached skill level 5 in Shields
  8182 | D:9      | Reached skill level 5 in Unarmed Combat
  8182 | D:9      | Reached skill level 5 in Evocations
  8182 | D:9      | Reached XP level 10. HP: 77/77 MP: 10/22
  8212 | D:9      | Killed from afar by an acid dragon

Illustrated notes

Levels and vault maps discovered:
D:1:      dpeg_arrival_signposts, layout_loops_ring,
          hellmonk_ecumenical_altar_leap_of_faith
D:2:      layout_basic, uniq_terence
D:3:      layout_loops_ring, serial_shops, nicolae_shop_trees
D:4:      layout_layer_cave, uniq_ijyb
D:5:      layout_basic, nicolae_overflow_hidden_temple,
          makhleb_blood_cavern_becter, temple_doors_e
D:6:      layout_loops_ring, eat_drink_and_be_merry_uskayaw,
          mainiacjoe_overflow_divided_tiny, serial_rivers,
          chequers_serial_rivers_small_b, chequers_serial_rivers_room_a,
          chequers_serial_rivers_micro_a, chequers_serial_rivers_small_a,
          chequers_serial_rivers_large_a, chequers_serial_rivers_room_b,
          uniq_menkaure
D:7:      layout_cave_pods, nemelex_spade_bored_becter, serial_shops,
          nicolae_stop_n_shop_2, shop, nicolae_shop_getting_attention,
          lightli_corner_chamber
D:8:      layout_basic, worms_lemuel
D:9:      layout_irregular_city, mainiacjoe_overflow_boulevard,
          nicolae_qazlal_eye_of_the_storm, david_lair_generic, orc_0_dummy,
          minmay_misc_feat_diagonals
Temple:   nicolae_temple_ecumenical_triangle

Skill      XL: |  1  2  3  4  5  6  7  8  9 10 |
---------------+-------------------------------+-----
Transmutations | 2 3 4 |  4.8
Spellcasting   | 5 6 7 |  7.3
Invocations    | 1 2 3 4 5 |  5.7
Fighting       | 1 2 3 5 |  5.2
Short Blades   | 1 2 3 5 |  5.2
Long Blades    | 1 2 3 5 |  5.2
Axes           | 1 2 3 5 |  5.2
Maces & Flails | 1 2 3 5 |  5.2
Polearms       | 1 2 3 5 |  5.2
Staves         | 1 2 3 5 |  5.2
Ranged Weapons | 1 2 3 5 |  5.2
Throwing       | 1 2 3 5 |  5.2
Armour         | 1 2 3 5 |  5.2
Shields        | 1 2 3 5 |  5.2
Unarmed Combat | 1 2 3 5 |  5.2
Evocations     | 1 2 3 5 |  5.2
Conjurations   | 1 2 3 4 |  4.3
Hexes          | 1 2 3 4 |  4.3
Summonings     | 1 2 3 4 |  4.3
Necromancy     | 1 2 3 4 |  4.3
Translocations | 1 2 3 4 |  4.3
Fire Magic     | 1 2 3 4 |  4.3
Ice Magic      | 1 2 3 4 |  4.3
Air Magic      | 1 2 3 4 |  4.3
Earth Magic    | 1 2 3 4 |  4.3
Dodging        | 5 6 7 |  7.0
Stealth        | 5 6 |  6.7
Poison Magic   | 6 7 |  7.0

Action                     |  1- 3 |  4- 6 |  7- 9 | 10-12 || total
---------------------------+-------+-------+-------+-------++-------
  Melee: Unarmed           |    13 |       |       |       ||    13
         Bite              |     6 |    11 |    18 |       ||    35
         Dagger            |    50 |   130 |    79 |       ||   259
         Flail             |     2 |       |    15 |       ||    17
         Punch             |     1 |     5 |     2 |       ||     8
         Short sword       |       |       |    64 |       ||    64
   Fire: Sling             |       |       |   123 |       ||   123
         Shortbow          |       |       |     2 |       ||     2
   Cast: Sting             |    50 |    34 |    25 |       ||   109
         Olgreb's Toxic Ra |       |     2 |    20 |     2 ||    24
         Mephitic Cloud    |       |     1 |       |       ||     1
 Invoke: Curse Item        |       |       |     3 |       ||     3
  Evoke: Wand              |       |       |    17 |       ||    17
    Use: Scroll            |       |       |     4 |     2 ||     6
         Potion            |       |       |     1 |       ||     1
   Stab: Sleeping          |     4 |    10 |     6 |       ||    20
 Armour: Robe              |    12 |    21 |       |       ||    33
         Leather armour    |       |     9 |    99 |     1 ||   109
  Dodge: Dodged            |    59 |    81 |   147 |     2 ||   289
  Block: Buckler           |       |       |    17 |     2 ||    19
